[Event "*** Titled Tuesday Blitz"]
[Site "Chess.com"]
[Date "2021.02.16"]
[Round "1"]
[White "sakkikuska"]
[Black "WonderChampion"]
[Result "1/2-1/2"]
[WhiteElo "2482"]
[BlackElo "2083"]
[TimeControl "180+1"]
[EndTime "10:09:23 PST"]
[Termination "Game drawn by repetition"]

1. e4 c5 2. Nf3 g6 3. d4 cxd4 4.
Nxd4 Nc6 5. c4 Nf6 6. Nc3 Nxd4 7. Qxd4 d6 8. Be2 Bg7 9. Be3 O-O 10. Qd2 Be6 11. f3 a5 12. O-O a4 13. Rac1 Qa5 14. Rfd1 a3 15. b3 Rfc8 16. Na4 Qxd2 17.
Rxd2 Nd7 18. Rdc2 f5 19. Nc3 fxe4 20. Nxe4 Bb2 21. Rd1 Bf5 22. Bd3 Ne5 23. Nf2 Nxd3 24. Nxd3 b5 25. g4 Bxd3 26. Rxd3 bxc4 27. Rxc4 Rxc4 28. bxc4 Rc8 29. Kf2 Rxc4 30. Ke2 Rc2+ 31. Rd2 Rc1 32. h4 Ra1 33. Bd4 Rxa2 34. Kd3 e5 35. Bc3 Kf7 36. Kc4 Ke6 37. Re2 Ra1 38. Bxb2 axb2 39. Rxb2 Rf1 40. Rb3 Rc1+ 41. Kd3 Rf1 42. Ke2 Rh1 43. Rb7 Rxh4 44. Ke3 Rh3 45. Rb6 Kd5 46. Rb5+ Kc4 47. Rb7 d5 48. Rc7+ Kb5 49.
Rc2 Kb4 50. Rc1 Rh2 51. Rc8 Kb3 52. Rb8+ Kc4 53. Rc8+ Kb5 54. Rb8+ Kc6 55. Rc8+ Kd7 56. Rc1 Ke6 57. Rc6+ Kd7 58. Rc1 h5 59. gxh5 Rxh5 60. Rg1 Rh6 61. Rg5 Ke6 62. Rg1 Kf6 63. Rb1 Rh7 64. Rb6+ Kf5 65. Rb8 Rf7 66. Re8 g5 67. Rg8 Rf6 68. Re8 Rf7 69. Rg8 e4 70. fxe4+ dxe4 71. Re8 Rc7 72. Rf8+ Ke5 73. Re8+ Kf5 74. Rf8+ Ke5 75.
Re8+ Kf5 1/2-1/2

[Event "*** Titled Tuesday Blitz"]
[Site "Chess.com"]
[Date "2021.02.16"]
[Round "1"]
[White "starplatinum2030"]
[Black "Tsyhanchuk_Stanislav"]
[Result "1-0"]
[WhiteElo "2134"]
[BlackElo "2484"]
[TimeControl "180+1"]
[EndTime "10:09:31 PST"]
[Termination "starplatinum2030 won on time"]

1. e4 c5 2. Nf3 Nc6 3. d4 cxd4 4. Nxd4 Qb6 5. Nb3 Nf6 6. Bd3 e6 7. O-O Be7 8. Qe2 Qc7 9. c4 O-O 10. Nc3 a6 11. Be3 Ne5 12. Rac1 d6 13. f4 Nxd3 14. Qxd3 Ng4 15. h3 Nxe3 16. Qxe3 Re8 17. Na4 Bd7 18.
Nb6 Rad8 19. Nxd7 Rxd7 20. Rfd1 Rc8 21. Kh1 h6 22. Nd4 Qb6 23. Qd2 Bf6 24. f5 d5 25.
fxe6 fxe6 26. c5 Rxc5 27. Rxc5 Qxc5 28. Nxe6 Qb5 29. exd5 Qxb2 30. Qxb2 Bxb2 31. Nc5 Rc7 32. Ne6 Re7 33. Rd2 Bf6 34. Re2 Kf7 35. Nd8+ Ke8 36.
Rxe7+ Bxe7 37. Nxb7 Bb4 38. Kh2 Kd7 39. d6 a5 40. Kg3 Bxd6+ 41. Nxd6 Kxd6 42. Kf4 Kc5 43. Kf5 Kb4 44. Kg6 Ka3 45. Kxg7 Kxa2 46. Kxh6 a4 47.
g4 a3 48. g5 Kb1 49. g6 a2 50. g7 a1=Q 51. g8=Q Kc1 52. Qg5+ Kc2 53. Qf5+ Kd2 54. Qf4+ Kd3 55. Qf3+ Kc4 56. Qe4+ Kb5 57. Qd5+ Kb6 58. Qd6+ Kb7 59. Qd7+ Kb6 60. Qf5 Qc1+ 61. Qg5 Qf1 62. Qg6+ Kc7 63. h4 Qf4+ 64. Qg5 Qf2 65. h5 Kd7 66.
Qg7+ Ke6 67. Kh7 Qh2 68. Qg6+ Kd5 69. h6 Qc7+ 70. Qg7 Qc2+ 71. Kh8 Qf5 72. h7 Qc8+ 73.
Qg8+ Ke5 74. Qd8 1-0

[Event "*** Titled Tuesday Blitz"]
[Site "Chess.com"]
[Date "2021.02.16"]
[Round "1"]
[White "Alex-11211"]
[Black "Arseniy_Nesterov"]
[Result "1/2-1/2"]
[WhiteElo "2435"]
[BlackElo "2799"]
[TimeControl "180+1"]
[EndTime "10:09:40 PST"]
[Termination "Game drawn - insufficient material"]

1. e4 e5 2. Bc4 Nc6 3. Nc3 Nf6 4. d3 Na5 5. Nge2 Nxc4 6. dxc4 d6 7. O-O Be7 8. b3 O-O 9. a4 a5 10. Ng3 b6 11. h3 h6 12. Qf3 Kh7 13. Nf5 Be6 14. Nd5 Nxd5 15. cxd5 Bd7 16. Qh5 Bg5 17. Bxg5 Qxg5 18.
Qxg5 hxg5 19. Ng3 g6 20. Rad1 Kg7 21. Rd3 Rh8 22. Rc3 Rac8 23. f3 f5 24. Re1 Rh4 25.
Rc4 Kf6 26. Rd1 Ke7 27. Kf2 Rh7 28. Rc3 g4 29. hxg4 fxg4 30. Rh1 Rxh1 31. Nxh1 gxf3 32.
gxf3 Rh8 33. Ng3 Kd8 34. Nf1 g5 35. Kg3 Rh3+ 36. Kg2 Rh4 37. Ne3 Rf4 38. Kg3 Bc8 39. Rd3 Ba6 40. c4 Bc8 41. Rd2 Ke7 42. Rh2 g4 43. Rh7+ Kf6 44. fxg4 Rxe4 45. Rxc7 Rxe3+ 46. Kf2 Rxb3 47. Rxc8 Kg5 48. Rc6 Rb4 49. Rxd6 Rxc4 50. Rxb6 Rxa4 51. d6 Rd4 52. Rb5 Kf4 53. Rxa5 Rd2+ 54.
Ke1 Rxd6 55. g5 Rg6 56. Ke2 Rxg5 57. Ra4+ e4 58. Ra3 Rg2+ 59. Kf1 Rb2 60. Ke1 Ke5 61. Kf1 Kf4 62. Ke1 Rc2 63. Kd1 Rg2 64. Ke1 Rh2 65. Kf1 Rd2 66. Ke1 Rb2 67. Kd1 Rf2 68.
Ke1 Rf3 69. Ra7 Rb3 70. Rh7 Rc3 71. Rh8 Rd3 72. Ke2 Re3+ 73. Kf2 Rf3+ 74. Ke2 Re3+ 75. Kf2 Rd3 76. Rf8+ Ke5 77. Re8+ Kd4 78. Ke2 Re3+ 79. Kd2 Rd3+ 80. Ke2 Rf3 81. Rd8+ Ke5 82. Re8+ Kf5 83. Rf8+ Kg4 84. Rg8+ Kf4 85. Rf8+ Kg3 86. Rg8+ Kh2 87. Rh8+ Kg2 88. Rg8+ Kh3 89. Rh8+ Kg4 90. Rg8+ Kh5 91. Rh8+ Kg5 92. Rg8+ Kh6 93. Re8 Rf4 94. Ke3 Rh4 95.
Rxe4 Rxe4+ 96. Kxe4 1/2-1/2

[Event "*** Titled Tuesday Blitz"]
[Site "Chess.com"]
[Date "2021.02.16"]
[Round "1"]
[White "Kaua18"]
[Black "GianmarcoVaR"]
[Result "1-0"]
[WhiteElo "2372"]
[BlackElo "2645"]
[TimeControl "180+1"]
[EndTime "10:09:45 PST"]
[Termination "Kaua18 won by resignation"]

1. e4 c6 2. d4 d5 3. Nc3 dxe4 4. Nxe4 Bf5 5. Ng3 Bg6 6. Nf3 Nd7 7. h4 h6 8. h5 Bh7 9. Bd3 Bxd3 10. Qxd3 e6 11. Bd2 Ngf6 12. O-O-O Be7 13. Ne4 Nxe4 14. Qxe4 Nf6 15. Qe2 Qd5 16. Kb1 Qe4 17. Be3 Rd8 18. Ne5 Nd5 19. Rh3 Bg5 20. Qf3 Qxf3 21. Rxf3 Nxe3 22.
fxe3 O-O 23. Rdf1 f5 24. Ng6 Rfe8 25. c3 Bf6 26. Kc2 b6 27. Rg1 c5 28. g4 fxg4 29. Rxg4 Rd5 30. Nf4 Rf5 31. e4 Rg5 32. Rxg5 hxg5 33.
Ng6 cxd4 34. e5 g4 35. Rg3 Bg5 36. Rxg4 Be3 37. cxd4 Kh7 38. Kd3 Bc1 39. Rg2 Kh6 40. Rh2 Rc8 41. b3 Rc7 42. Ke4 Bg5 43. Nf4 Bxf4 44. Kxf4 Rc1 45. Ke4 Re1+ 46. Kd3 Rd1+ 47. Kc4 Rc1+ 48. Kb5 Rd1 49. Rh4 Kg5 50. Re4 Kf5 51.
Rh4 Rd2 52. a4 Rb2 53. Kc4 Rc2+ 54. Kd3 Rg2 55. Rh3 Rg1 56. h6 gxh6 57. Rxh6 Rg3+ 58.
Kc4 Rg1 59. Rf6+ Ke4 60. Rxe6 Rc1+ 61. Kb4 Kxd4 62. Rd6+ Kxe5 63. Rd2 Rc5 64. Rd3 Ke6 65. Ka3 Ke5 66. b4 Rc1 67. Kb3 Rc7 68. Rd2 Ke4 69.
Rd1 Rg7 70. Kc4 a6 71. Re1+ Kf3 72. Kd5 Rg4 73. Rb1 Ke3 74. Kc6 a5 75. b5 Rb4 76.
Re1+ Kd2 77. Ra1 Rc4+ 78. Kxb6 Kc3 79. Kxa5 Kb3 80. Rb1+ Ka2 81. Rb4 Rc8 82. b6 Ka3 83. Rh4 Ra8+ 84. Kb5 Rf8 85. Rh3+ Rf3 86. Rxf3+ 1-0

[Event "*** Titled Tuesday Blitz"]
[Site "Chess.com"]
[Date "2021.02.16"]
[Round "1"]
[White "marianokar"]
[Black "Grandelicious"]
[Result "0-1"]
[WhiteElo "2441"]
[BlackElo "2879"]
[TimeControl "180+1"]
[EndTime "10:09:51 PST"]
[Termination "Grandelicious won on time"]

1. d4 d5 2. c4 e6 3. Nc3 a6 4. cxd5 exd5 5. Bf4 Nf6 6. e3 c5 7. Bd3 cxd4 8. exd4 Nc6 9. Nge2 Bd6 10. Bg5 Be6 11.
h3 h6 12. Bh4 Be7 13. O-O O-O 14. Rc1 Nh5 15. Bxe7 Qxe7 16. Bb1 Qh4 17. Qd3 g6 18. g4 Ng7 19. Kg2 f5 20. f3 fxg4 21. fxg4 h5 22. Qg3 Qxg3+ 23. Kxg3 hxg4 24. hxg4 g5 25. Rh1 Rf6 26.
Bh7+ Kf7 27. Rcf1 Ne8 28. Bc2 Rxf1 29. Rxf1+ Nf6 30. Bf5 Re8 31. Bxe6+ Kxe6 32. Rf5 Rg8 33. a3 Ne7 34. Re5+ Kd6 35. Nc1 Nc6 36. Rf5 Rg6 37.
N1e2 Ne7 38. Re5 Rg7 39. b4 Nc6 40. Rf5 Ne4+ 41. Nxe4+ dxe4 42. b5 axb5 43. Rxb5 Rf7 44. Rxg5 Rf3+ 45. Kg2 Rxa3 46. Nf4 Rf3 47. Rg6+ Kd7 48.
Rg7+ Kc8 49. Nd5 Nxd4 50. Nb6+ Kb8 51. Nd7+ Ka7 52. Nc5 e3 53. Rxb7+ Ka8 54. Re7 Rf2+ 55. Kg3 Ne2+ 56. Kh4 Rh2+ 57. Kg5 Kb8 58. Rxe3 Kc7 59. Kf6 Kc6 60. Ne6 Rf2+ 61. Kg6 Kd5 62. g5 Kd6 63.
Ng7 Nd4 64. Rd3 Ke5 65. Rxd4 Kxd4 66. Nf5+ Ke5 67. Nh6 Ke6 68. Ng4 Rg2 69. Nf6 Rg1 70. Nh5 Ra1 71. Nf6 Ra7 72. Nh5 Ke5 73. Nf6 Ra6 74. Kf7 Kf5 75. Nd7 Kxg5 76. Ke7 Kf5 77. Nf8 Rh6 78. Nd7 Ra6 79. Kd8 Ra7 80. Nb8 Kf6 81. Kc8 Ke6 82. Nc6 Rh7 83. Nd8+ Kd6 84.
Nb7+ Kc6 85. Nd8+ Kb6 86. Ne6 Re7 87. Nd8 Rc7+ 88. Kb8 Rc4 89. Nb7 Re4 90. Nd8 Re8 91. Kc8 Re7 92. Kb8 Rc7 0-1

[Event "*** Titled Tuesday Blitz"]
[Site "Chess.com"]
[Date "2021.02.16"]
[Round "1"]
[White "Oglob71"]
[Black "frederiksvane"]
[Result "1/2-1/2"]
[WhiteElo "2382"]
[BlackElo "2691"]
[TimeControl "180+1"]
[EndTime "10:09:51 PST"]
[Termination "Game drawn - insufficient material"]

1. d4 Nf6 2. Nf3 e6 3. e3 b6 4. Bd3 Bb7 5. Nbd2 d5 6. O-O Bd6 7. Qe2 O-O 8. e4 dxe4 9. Nxe4 Nbd7 10. Nxd6 cxd6 11. c3 Re8 12. Re1 Rc8 13. Bg5 Qc7 14. a4 h6 15. Bh4 Nh5 16. Bg3 Nxg3 17. hxg3 Nf6 18. a5 bxa5 19. Bb5 Red8 20. Ra3 Qb6 21. Rea1 Bxf3 22. gxf3 Rb8 23. Rxa5 Nd5 24. R1a2 Rb7 25. Bc4 Nc7 26. Bd3 Rdb8 27. Qe4 g6 28. Qh4 Kg7 29. Qf4 Qc6 30. Be4 d5 31. Bd3 Rxb2 32. Rxb2 Rxb2 33. Rxa7 Rb7 34. Rxb7 Qxb7 35. Qe5+ Kg8 36. Qd6 Ne8 37. Qb4 Qc7 38. Kg2 Nd6 39. Qc5 Qd7 40. Qb6 Kg7 41. f4 h5 42. Qb8 Qc6 43. Qb4 Kf6 44. Qc5 Qd7 45. Qb6 Ke7 46. Qb8 Qc8 47. Qb4 Qb7 48. Qc5 Kd7 49. Bc2 Qc7 50. Ba4+ Kd8 51. Qb4 Ke7 52. Bd1 Kf6 53. Bf3 Qc6 54. Be2 Ne4 55. c4 dxc4 56. Qxc4 Qxc4 57. Bxc4 Nc3 58. Kf3 Ke7 59. Ke3 Kd6 60. Kd3 Nd5 61. Ke4 Nc3+ 62.
Kd3 Nd1 63. Ke2 Nc3+ 64. Kd2 Na4 65. Bb5 Nb6 66. Be8 Ke7 67. Bc6 Kd6 68. Bf3 Nd5 69.
Kd3 f6 70. Kc4 Ne7 71. Be4 g5 72. fxg5 fxg5 73. Kd3 Nd5 74. Bf3 Nf6 75. Ke3 e5 76. dxe5+ Kxe5 77. Be2 Nd5+ 78. Kf3 Nf6 79. Kg2 Ke4 80.
Bf3+ Ke5 81. Bd1 Kd4 82. Be2 Ke4 83. Bf3+ Kd3 84. Bd1 Kd2 85. Bf3 Ke1 86. Bc6 Ng4 87. Bf3 Nf6 88. Bc6 Ke2 89. f4 gxf4 90. gxf4 Ke3 91. Kg3 Ne4+ 92. Kh4 Kxf4 93. Kxh5 1/2-1/2

[Event "*** Titled Tuesday Blitz"]
[Site "Chess.com"]
[Date "2021.02.16"]
[Round "1"]
[White "Gusarov91"]
[Black "nrvisakh"]
[Result "0-1"]
[WhiteElo "2405"]
[BlackElo "2771"]
[TimeControl "180+1"]
[EndTime "10:10:08 PST"]
[Termination "nrvisakh won by checkmate"]

1. d4 Nf6 2. Nf3 g6 3. c4 Bg7 4. g3 O-O 5. Bg2 d5 6. O-O dxc4 7. Na3 c3 8. bxc3 c5 9. Qb3 Nc6 10. e3 Na5 11. Qb5 cxd4 12. cxd4 Bd7 13. Qe2 Bc6 14. Bb2 Rc8 15. Rfc1 Qb6 16. Ne5 Bxg2 17. Kxg2 Nc6 18. Nxc6 Rxc6 19. Rxc6 Qxc6+ 20. Qf3 Rc8 21. Rc1 Qxf3+ 22. Kxf3 Rxc1 23. Bxc1 Kf8 24. e4 a6 25. d5 Nd7 26. Ke2 e6 27. dxe6 fxe6 28.
Nc4 b5 29. Ba3+ Kg8 30. Nd2 Bf8 31. Bxf8 Kxf8 32. Kd3 Ke7 33. Kd4 Kd6 34. f4 e5+ 35. fxe5+ Nxe5 36. h3 Nc6+ 37. Ke3 Nb4 38. Kd4 Nxa2 39.
e5+ Ke6 40. Ne4 Nb4 41. Nc5+ Ke7 42. Nb7 Nc6+ 43. Kd5 Nd8 44. Na5 Kd7 45. h4 h5 46. Nb3 Ne6 47. Na5 Ng7 48. Nc6 Nf5 49. Nb8+ Ke7 50. Nxa6 Nxg3 51. Nb4 Nf5 52. Nc6+ Kf7 53.
Nd8+ Ke7 54. Nc6+ Kf7 55. Nd8+ Ke8 56. Nb7 Nxh4 57. Nd6+ Ke7 58. Nxb5 Nf5 59. Na7 h4 60. Nc6+ Kf7 61. Ke4 Ne7 62. Nd4 g5 63. Kf3 Kg6 64. Kg4 Ng8 65. Nf3 Nh6+ 66. Kh3 Kh5 67. Nd4 g4+ 68.
Kh2 Kg5 69. e6 Kf6 70. Kg2 Ng8 71. Kf2 Ne7 72. Ke3 Ng6 73. Ke2 Ke5 74. Ke3 Ne7 75.
Ne2 Nd5+ 76. Kf2 Kxe6 77. Nd4+ Kf6 78. Nc6 Kg5 79. Ne5 Nf6 80. Nf7+ Kf4 81. Nd8 g3+ 82. Kg2 Kg4 83. Ne6 h3+ 84. Kg1 Nh5 85. Nc5 Nf4 86.
Ne4 Ne2+ 87. Kf1 g2+ 88. Kxe2 g1=Q 89. Nf2+ Kh4 90. Nd3 h2 91. Ne5 Kg3 92. Nd3 Qg2+ 93. Ke3 Qf3+ 94. Kd4 h1=Q 95. Ne5 Qg1+ 96. Kc4 Qe4+ 97.
Kb3 Qb6+ 98. Kc3 Qbb4# 0-1

[Event "*** Titled Tuesday Blitz"]
[Site "Chess.com"]
[Date "2021.02.16"]
[Round "1"]
[White "Elprofessor21"]
[Black "alexrustemov"]
[Result "1-0"]
[WhiteElo "2458"]
[BlackElo "2746"]
[TimeControl "180+1"]
[EndTime "10:10:23 PST"]
[Termination "Elprofessor21 won by checkmate"]

1. d4 g6 2. c4 Bg7 3. Nf3 c5 4. e4 Qa5+ 5. Bd2 Qb6 6. Bc3 Nc6 7. dxc5 Bxc3+ 8. Nxc3 Qxb2 9. Nd5 Kf8 10. Bd3 Qa3 11. O-O Qxc5 12. Re1 d6 13. Qd2 Kg7 14. Rab1 Qa5 15. Qxa5 Nxa5 16. Nc7 Rb8 17. Na6 Nc6 18. Nxb8 Nxb8 19. e5 dxe5 20. Nxe5 Na6 21. Be4 Nc5 22.
Bf3 Nf6 23. Rb5 b6 24. Nc6 Bd7 25. Rxe7 Rc8 26. Nxa7 Bxb5 27. Nxc8 Bxc4 28. Nxb6 Bxa2 29. Ra7 Be6 30. h3 h5 31. Kh2 Nd3 32. Kg1 h4 33.
Na4 Ne5 34. Be2 Nd5 35. Nc5 Bf5 36. Bf1 Nf4 37. Ra4 g5 38. Ne4 f6 39. Nd6 Bg6 40. g3 Nf3+ 41. Kh1 hxg3 42. fxg3 Nh5 43. Kg2 Ne5 44. Kf2 Kf8 45. Ra7 Ng7 46. Nc4 Nc6 47. Rc7 Ne7 48. Nd6 Ne6 49. Ra7 Nc6 50. Ra8+ Ke7 51.
Nc8+ Kd7 52. Nb6+ Kd6 53. Nc4+ Kc5 54. Rc8 Nd4 55. Na5 Kd6 56. Nxc6 Nxc6 57. Bg2 Ne5 58.
Ra8 Nd3+ 59. Ke3 Ne5 60. Ra6+ Ke7 61. Be4 Bf7 62. Ra7+ Kd6 63. h4 Ng4+ 64. Kd4 Be6 65. Ra6+ Ke7 66. Ra7+ Kf8 67. hxg5 fxg5 68. Bd5 Bxd5 69.
Kxd5 Ne3+ 70. Ke6 g4 71. Ke5 Nd1 72. Kf4 Nf2 73. Ra2 Nd3+ 74. Kxg4 Kg7 75. Rd2 Ne5+ 76.
Kf5 Nc4 77. Rd7+ Kh6 78. g4 Ne3+ 79. Kf4 Ng2+ 80. Ke4 Kg5 81. Rg7+ Kh4 82. Kf3 Ne1+ 83. Kf4 Ng2+ 84. Ke4 Kg3 85. g5 Kg4 86. Ke5 Nf4 87.
Rg8 Nh5 88. Ke6 Nf4+ 89. Kf6 Nd5+ 90. Kf7 Nf4 91. g6 Kf5 92. g7 Ne6 93. Ra8 Ng5+ 94.
Kg8 Ne6 95. Ra5+ Kf4 96. Kf7 Nxg7 97. Kxg7 Ke4 98. Kf7 Kd4 99. Ra6 Kc4 100. Re6 Kb5 101. Kf6 Kc5 102. Re5+ Kd4 103. Ke6 Kd3 104. Rd5+ Kc4 105.
Ke5 Kb4 106. Kd4 Kb3 107. Rb5+ Kc2 108. Rb4 Kd2 109. Rb2+ Ke1 110. Ke3 Kf1 111. Re2 Kg1 112. Kf3 Kf1 113. Re8 Kg1 114. Kg3 Kf1 115. Re7 Kg1 116. Re1# 1-0

[Event "*** Titled Tuesday Blitz"]
[Site "Chess.com"]
[Date "2021.02.16"]
[Round "1"]
[White "ellennilssen"]
[Black "Rakesh"]
[Result "1/2-1/2"]
[WhiteElo "2226"]
[BlackElo "2530"]
[TimeControl "180+1"]
[EndTime "10:11:35 PST"]
[Termination "Game drawn - insufficient material"]

1. c4 Nf6 2. Nc3 e5 3. g3 Nc6 4. Bg2 g6 5. d3 Bg7 6. Nf3 d6 7.
O-O O-O 8. b3 Be6 9. Bb2 Qd7 10.
Nd5 Nh5 11. e4 f5 12. Ng5 fxe4 13. Nxe6 Qxe6 14. Nxc7 Qd7 15. Nxa8 exd3 16. Qxd3 Rxa8 17. Rad1 Rd8 18. Ba3 Nd4 19. Bb2 Kh8 20. Bxd4 exd4 21. Bd5 Rf8 22. f4 Nf6 23. Qxd4 Ng4 24. Qd3 h5 25. Rde1 Kh7 26. Be6 Qc6 27. Bxg4 hxg4 28. Re6 Bf6 29. f5 g5 30. Rfe1 Kg7 31. Qxd6 Qf3 32.
Re7+ Kh6 33. Re8 Rf7 34. Qd5 Qxd5 35. cxd5 Bd4+ 36. Kg2 Rxf5 37. Rf1 Rxd5 38. Re6+ Kg7 39. Re7+ Kg6 40. Rxb7 Bb6 41. Rbf7 Rd2+ 42. Kh1 Bd4 43. Rd7 a5 44. Rd5 Kh6 45. a3 Kh5 46. b4 axb4 47. axb4 Rd3 48. b5 Rb3 49. Rxd4 Rxb5 50. Rd8 Rb7 51. Rfd1 Rb6 52. R1d6 Rb1+ 53. Kg2 Rg1+ 54. Kf2 Rf1+ 55. Ke3 Re1+ 56. Kd4 Rd1+ 57. Ke5 Re1+ 58.
Kf6 Rf1+ 59. Ke7 Rf7+ 60. Ke6 Rf2 61. Rh8+ Kg6 62. Kd5+ Kg7 63. Rhd8 Rxh2 64. R8d7+ Kg8 65. Rc6 Rd2+ 66. Ke6 Re2+ 67. Kd6 Rd2+ 68. Kc7 Rb2 69. Rb6 Rc2+ 70. Kb8 Kf8 71. Rh6 Kg8 72. Rc7 Rb2+ 73. Kc8 Rd2 74. Rhh7 Rd3 75. Rhg7+ Kh8 76. Rxg5 Rd8+ 77.
Kb7 Rb8+ 78. Kc6 Rb6+ 79. Kd5 Rb5+ 80. Ke4 Rxg5 81. Kf4 Rb5 82. Kxg4 Rb4+ 83. Kf5 Rb5+ 84. Kf4 Rb6 85. g4 Rb5 86. g5 Kg8 87. g6 Ra5 88.
Rf7 Rb5 89. Rf5 Rb1 90. Kg5 Rb3 91. Ra5 Kg7 92. Ra7+ Kg8 93. Rc7 Rb5+ 94. Kh6 Rb8 95. Rg7+ Kh8 96. Rh7+ Kg8 97. Rc7 Ra8 98. Rg7+ Kh8 99.
Rb7 Kg8 100. g7 Ra6+ 101. Kg5 Ra5+ 102. Kf4 Ra6 103. Ke5 Rg6 104. Kf5 Rg1 105. Kf4 Rf1+ 106. Ke3 Rg1 107. Kf2 Rg6 108. Kf3 Re6 109. Kf4 Rc6 110. Ke5 Kh7 111. Kd5 Rg6 112. Rc7 Rg5+ 113. Ke6 Rg6+ 114. Kf5 Rg1 115. g8=Q+ Kxg8 116. Rc8+ Kf7 117. Rc7+ Ke8 118. Ra7 Rf1+ 119. Kg4 Rd1 120. Kf3 Rd5 121. Ra8+ Ke7 122. Ra7+ Ke6 123. Rh7 Rd3+ 124. Ke2 Ra3 125. Rh6+ Kf5 126. Rb6 Ke4 127. Rb4+ Ke5 128. Rh4 Ra2+ 129. Ke3 Ra3+ 130. Ke2 Rg3 131. Rh5+ Kf4 132. Rh4+ Kf5 133. Rh5+ Ke4 134. Rh4+ Kf5 135. Rh5+ Kg4 136. Ra5 Rb3 137. Ra4+ Kf5 138. Ra5+ Ke4 139. Ra4+ Kd5 140. Ra5+ Kd6 141. Ra6+ Kc5 142. Ra5+ Rb5 143.
Rxb5+ Kxb5 1/2-1/2

[Event "*** Titled Tuesday Blitz"]
[Site "Chess.com"]
[Date "2021.02.16"]
[Round "2"]
[White "OriTaichman"]
[Black "dretch"]
[Result "1-0"]
[WhiteElo "2546"]
[BlackElo "2837"]
[TimeControl "180+1"]
[EndTime "10:12:35 PST"]
[Termination "OriTaichman won by resignation"]

1. e4 e6 2. d4 d5 3. Nc3 Nf6 4. Bg5 Nfd7 5. Bxd8 Kxd8 6. exd5 exd5 7. Nxd5 Bd6 8. Be2 Re8 9. Nf3 c6 10. Ne3 Nf6 11.
O-O Nbd7 12. c4 Ke7 13. Nf5+ Kf8 14. Nxd6 Re6 15. Nxc8 1-0

[Event "*** Titled Tuesday Blitz"]
[Site "Chess.com"]
[Date "2021.02.16"]
[Round "2"]
[White "Markov_Mikhail"]
[Black "lolo9292"]
[Result "1-0"]
[WhiteElo "2690"]
[BlackElo "2441"]
[TimeControl "180+1"]
[EndTime "10:13:36 PST"]
[Termination "Markov_Mikhail won by resignation"]

1. c4 e6 2. Nf3 d5 3. g3 c5 4. Bg2 dxc4 5. Qa4+ Bd7 6. Qxc4 Bc6 7.
O-O Nd7 8. d3 Ngf6 9. b3 Bd6 10.
Bb2 O-O 11. Nbd2 Nb6 12. Qc2 Nbd5 13. a3 Rc8 14. e4 Nb4 15. axb4 cxb4 16. Qd1 Be7 17.
Rxa7 Qxd3 18. Ne5 Qb5 19. Ndc4 Rcd8 20. Qb1 Bc5 21. Ra5 Qxa5 22. Nxa5 Bxe4 23. Bxe4 1-0

[Event "*** Titled Tuesday Blitz"]
[Site "Chess.com"]
[Date "2021.02.16"]
[Round "2"]
[White "Jospem"]
[Black "LawrenceTrent"]
[Result "1-0"]
[WhiteElo "3021"]
[BlackElo "2596"]
[TimeControl "180+1"]
[EndTime "10:13:55 PST"]
[Termination "Jospem won by resignation"]

1. e4 e5 2. Nf3 Nc6 3. Bb5 a6 4. Ba4 Nf6 5. O-O Bc5 6. Bxc6 dxc6 7. d3 Nd7 8. Be3 Bd6 9. Nbd2 O-O 10. c3 c5 11. h3 b6 12. d4 Bb7 13. d5 f5 14. exf5 Bxd5 15. Ng5 Rxf5 16. Nde4 Nf6 17. Nxf6+ 1-0

[Event "*** Titled Tuesday Blitz"]
[Site "Chess.com"]
[Date "2021.02.16"]
[Round "2"]
[White "chescomhuynya"]
[Black "BikingBrian"]
[Result "1-0"]
[WhiteElo "2580"]
[BlackElo "2321"]
[TimeControl "180+1"]
[EndTime "10:14:08 PST"]
[Termination "chescomhuynya won by resignation"]

1. d4 Nf6 2. c4 g6 3. Nc3 Bg7 4. e4 d6 5. Be2 O-O 6. Be3 Na6 7.
h4 e5 8. h5 exd4 9. Bxd4 Nc5 10. h6 Bh8 11. e5 Ne8 12. Bxc5 Qg5 13. Be3 Qxe5 14. Nf3 Qa5 15. Qd2 Nf6 16. O-O Ng4 17. Bd4 Bxd4 18. Nxd4 Qh5 19. Bxg4 Bxg4 20. Nd5 1-0

[Event "*** Titled Tuesday Blitz"]
[Site "Chess.com"]
[Date "2021.02.16"]
[Round "2"]
[White "remi04"]
[Black "zimmm36"]
[Result "1-0"]
[WhiteElo "2624"]
[BlackElo "2258"]
[TimeControl "180+1"]
[EndTime "10:14:14 PST"]
[Termination "remi04 won by resignation"]

1. e4 c5 2. Nf3 Nc6 3. d4 cxd4 4. Nxd4 Nf6 5. Nc3 d6 6. Bg5 e6 7. Qd2 a6 8. O-O-O Bd7 9. f3 b5 10. g4 h6 11. Be3 h5 12. g5 Ng8 13. g6 f6 14.
Nxc6 Bxc6 15. Bh3 Qd7 16. Nd5 Rb8 17. Bxe6 Qb7 18. Bf7+ Kd8 19. Bb6+ Kc8 20. Be6+ Bd7 21. Qc3+ 1-0

[Event "*** Titled Tuesday Blitz"]
[Site "Chess.com"]
[Date "2021.02.16"]
[Round "2"]
[White "platy3"]
[Black "Emeraldddd"]
[Result "1-0"]
[WhiteElo "2852"]
[BlackElo "2528"]
[TimeControl "180+1"]
[EndTime "10:14:24 PST"]
[Termination "platy3 won by resignation"]

1. Nf3 Nf6 2. c4 g6 3. g3 Bg7 4. Bg2 O-O 5. O-O d6 6. Nc3 Nc6 7. d3 e5 8. Rb1 Be6 9. Bg5 h6 10.
Bxf6 Bxf6 11. b4 Rb8 12. b5 Ne7 13. Nd2 c6 14. Qa4 Qc7 15. Rfc1 Ra8 16. Qa3 Qd7 17. Nde4 Bg7 18. Qxd6 Qc8 19. Qxe7 Re8 20. Nf6+ 1-0

[Event "*** Titled Tuesday Blitz"]
[Site "Chess.com"]
[Date "2021.02.16"]
[Round "2"]
[White "Nachsueb"]
[Black "VFernandezB"]
[Result "0-1"]
[WhiteElo "2175"]
[BlackElo "2428"]
[TimeControl "180+1"]
[EndTime "10:14:24 PST"]
[Termination "VFernandezB won by resignation"]

1. d4 Nf6 2. c4 g6 3. Nc3 d5 4.
Nf3 Bg7 5. Bf4 O-O 6. e3 c5 7.
dxc5 Qa5 8. Be2 Ne4 9. O-O Nxc3 10. bxc3 dxc4 11. Bxc4 Qxc5 12. Qd3 Nc6 13. Rac1 Rd8 14. Qe4 Bf5 0-1

[Event "*** Titled Tuesday Blitz"]
[Site "Chess.com"]
[Date "2021.02.16"]
[Round "2"]
[White "Godzillator"]
[Black "Balla_Tamas"]
[Result "1-0"]
[WhiteElo "2266"]
[BlackElo "2441"]
[TimeControl "180+1"]
[EndTime "10:14:38 PST"]
[Termination "Godzillator won by resignation"]

1. d4 g6 2. c4 Bg7 3. e4 d6 4.
Nc3 Nc6 5. d5 Nb8 6. Bd3 c6 7.
Be3 Nf6 8. f3 a6 9. a4 Nbd7 10.
Nge2 Ne5 11. O-O Bd7 12. b3 Nxd3 13. Qxd3 O-O 14. Rae1 Qc7 15. Ng3 b5 16. dxc6 bxc4 17. Qxc4 Bxc6 18. Nd5 Qb7 19. Qxc6 1-0

[Event "*** Titled Tuesday Blitz"]
[Site "Chess.com"]
[Date "2021.02.16"]
[Round "2"]
[White "PotapovaM"]
[Black "andrzej"]
[Result "1-0"]
[WhiteElo "2607"]
[BlackElo "2337"]
[TimeControl "180+1"]
[EndTime "10:14:45 PST"]
[Termination "PotapovaM won by resignation"]

1. e4 c5 2. Nf3 e6 3. b3 b6 4. Bb2 Bb7 5. Nc3 Nf6 6. Qe2 d6 7.
g3 Nc6 8. Bg2 e5 9. O-O Be7 10.
Nd5 Nxd5 11. exd5 Nd4 12. Bxd4 cxd4 13. Rfe1 Bxd5 14. Qb5+ 1-0

[Event "*** Titled Tuesday Blitz"]
[Site "Chess.com"]
[Date "2021.02.16"]
[Round "2"]
[White "m_ezat"]
[Black "jaramsdal"]
[Result "1-0"]
[WhiteElo "2498"]
[BlackElo "2305"]
[TimeControl "180+1"]
[EndTime "10:15:05 PST"]
[Termination "m_ezat won by resignation"]

1. d4 Nf6 2. c4 e6 3. Nc3 Bb4 4. e3 O-O 5. a3 Bxc3+ 6. bxc3 b6 7. Bd3 c5 8. Ne2 Nc6 9. O-O Na5 10. e4 d6 11. Bg5 Ba6 12. f4 h6 13. Bh4 Qc7 14.
Bxf6 gxf6 15. Ng3 Bxc4 16. Nh5 Kh8 17. Nxf6 Qe7 18. e5 cxd4 19. Bxc4 dxe5 20. fxe5 Qc5 21.
Qd3 1-0

[Event "*** Titled Tuesday Blitz"]
[Site "Chess.com"]
[Date "2021.02.16"]
[Round "2"]
[White "miredenizdogan"]
[Black "Superfelix"]
[Result "0-1"]
[WhiteElo "2232"]
[BlackElo "2448"]
[TimeControl "180+1"]
[EndTime "10:15:05 PST"]
[Termination "Superfelix won by resignation"]

1. d4 Nf6 2. c4 g6 3. Nc3 Bg7 4. e4 O-O 5. Be3 d6 6. f3 Na6 7.
Qd2 c5 8. d5 Nc7 9. g4 a6 10.
a4 Bd7 11. h4 b5 12. axb5 axb5 13. Rxa8 Qxa8 14. cxb5 Rb8 15. h5 Nxb5 16. Bxb5 Bxb5 17. Nge2 Bxe2 18. Kxe2 Qa6+ 19. Kf2 Nd7 20. hxg6 fxg6 21.
Bh6 Bd4+ 22. Kg3 Ne5 23. Bf4 Rf8 24. Qh2 Rf7 25. Qh6 Nd3 26. Ne2 Nxf4 27. Nxf4 Be5 0-1

[Event "*** Titled Tuesday Blitz"]
[Site "Chess.com"]
[Date "2021.02.16"]
[Round "2"]
[White "Nastya_Rakhmangulova"]
[Black "ChadBiryani"]
[Result "1-0"]
[WhiteElo "2492"]
[BlackElo "2302"]
[TimeControl "180+1"]
[EndTime "10:15:07 PST"]
[Termination "Nastya_Rakhmangulova won by resignation"]

1. e4 c5 2. Nf3 d6 3. Nc3 Nf6 4. e5 dxe5 5. Nxe5 a6 6. g3 b5 7. Bg2 Ra7 8. O-O e6 9. d4 cxd4 10. Ne2 Bc5 11. c3 Bb7 12. Bxb7 Rxb7 13. cxd4 Bb6 14.
a4 O-O 15. Bg5 Nbd7 16. Nc6 Qc7 17. Rc1 Qd6 18. Bf4 Qd5 19. Ne7+ 1-0

[Event "*** Titled Tuesday Blitz"]
[Site "Chess.com"]
[Date "2021.02.16"]
[Round "2"]
[White "FMKonstantin_Twitch"]
[Black "Fiona"]
[Result "1-0"]
[WhiteElo "2608"]
[BlackElo "2134"]
[TimeControl "180+1"]
[EndTime "10:15:11 PST"]
[Termination "FMKonstantin_Twitch won by resignation"]

1. Nf3 d6 2. d4 Bg4 3. g3 Bxf3 4. exf3 Nf6 5. Bg2 c6 6. O-O d5 7. c3 e6 8. f4 Be7 9. Nd2 O-O 10. Re1 Nbd7 11.
Nf3 Ne4 12. Ne5 Nxe5 13. fxe5 Ng5 14. h4 Ne4 15. Bxe4 dxe4 16. Rxe4 h6 17. Qh5 Re8 18. Rg4 g6 19. Qxh6 Bf8 20. Qf4 Bg7 21. Qf3 1-0